Hurricanes vs Kings

Created - Thursday, November 20, 2014 at 21:29

Goals
1 2 3 T
Hurricanes 0 1 1 2
Kings 2 0 2 4
Shots
1 2 3 T
Hurricanes 5 11 17 33
Kings 18 4 8 30

1st period

1. Kings , Matt Cullen 3 (Keith Yandle) at 2:10
2. Kings , Carl Soderberg 3 (Ryan Johansen, Cam Fowler) at 3:16 (PP)

Penalties :
Dan Girardi (Car) for Roughing (Minor) at 2:13, Henrik Tallinder (LA ) for Hooking (Minor) at 6:35, Adam McQuaid (LA ) for Hooking (Minor) at 11:31

2nd period

3. Hurricanes , Zbynek Michalek 4 (Mike Fisher, Marty Havlat) at 17:49

Penalties :
Aaron Ness (Car) for Holding Stick (Minor) at 12:43, Nate Prosser (Car) for Roughing (Minor) at 18:22

3rd period

4. Kings , Ryan Johansen 9 (Keith Yandle) at 1:05
5. Hurricanes , Mikhail Grabovski 1 (Peter Harrold, Jiri Hudler) at 4:51 (PP)
6. Kings , Carl Soderberg 4 (Ryan Johansen) at 10:44

Penalties :
Adam McQuaid (LA ) for Hooking (Minor) at 4:29, Peter Harrold (Car) for Tripping (Minor) at 5:35

Goalie Stats

Brian Elliott (Car), 26 saves from 30 shots - (0.867), L, 14-1-0, 60:00 minutes
Tuukka Rask (LA ), 31 saves from 33 shots - (0.939), W, 14-5-0, 60:00 minutes

Players Stats for Hurricanes

Player Name              G  A  P  +/- PIM S  H  SB GA TA FO     MP     PP MP  PK MP  
------------------------------------------------------------------------------------
Aaron Ness               0  0  0  -1  2   2  1  1  1  0  0/0    19:06   1:59   0:00 
Brian Flynn              0  0  0  -1  0   2  0  0  1  0  0/0    17:17   0:00   3:10 
Dainius Zubrus           0  0  0   0  0   0  0  0  2  0  0/1    14:04   0:00   3:50 
Dan Girardi              0  0  0  -2  2   4  1  3  2  2  0/0    23:19   1:59   3:29 
Francois Beauchemin      0  0  0   0  0   0  0  0  0  0  0/0     0:28   0:00   0:28 
Jiri Hudler              0  1  1   0  0   0  0  0  1  0  1/2    16:23   2:15   0:00 
Loui Eriksson            0  0  0  -1  0   2  1  0  0  0  0/0    12:16   2:05   0:00 
Marian Gaborik           0  0  0  -1  0   2  0  0  3  0  0/2    12:58   2:05   0:00 
Marty Havlat             0  1  1   1  0   0  0  0  1  0  0/0     8:33   0:00   0:00 
Mike Fisher              0  1  1   0  0   2  3  1  1  0  7/21   20:07   2:05   0:00 
Mikhail Grabovski        1  0  1   0  0   2  1  0  1  0  8/10   16:23   2:15   0:00 
Nate Prosser             0  0  0  -1  2   2  2  0  0  0  0/0    19:06   0:00   2:51 
Peter Harrold            0  1  1   0  2   3  0  1  1  1  0/0    18:33   2:21   0:00 
Radim Vrbata             0  0  0  -1  0   3  3  1  2  1  1/5    21:54   2:15   3:50 
Stephen Gionta           0  0  0  -1  0   1  3  0  1  0  5/16   17:17   0:00   3:10 
Thomas Hickey            0  0  0  -1  0   4  0  1  1  1  0/0    21:55   2:21   2:32 
Viktor Stalberg          0  0  0  -1  0   3  0  0  10 1  0/1    13:05   0:00   0:00 
Zbynek Michalek          1  0  1   0  0   1  1  2  3  1  0/0    20:12   0:00   4:40 

Players Stats for Kings

Player Name              G  A  P  +/- PIM S  H  SB GA TA FO     MP     PP MP  PK MP  
------------------------------------------------------------------------------------
Adam McQuaid             0  0  0  -1  4   1  3  1  0  5  0/0    14:02   0:00   0:00 
Brandon McMillan         0  0  0   1  0   0  1  0  0  0  0/0    15:59   0:00   0:00 
Brenden Morrow           0  0  0   1  0   1  3  0  0  2  0/0    16:48   0:00   0:22 
Cam Fowler               0  1  1   1  0   0  1  5  0  1  0/0    26:41   3:57   2:42 
Carl Soderberg           2  0  2   1  0   6  0  1  3  0  0/0    20:56   2:36   1:21 
Duncan Keith             0  0  0   1  0   2  0  0  0  3  0/0    26:41   3:57   2:42 
Henrik Tallinder         0  0  0  -1  2   2  0  2  0  2  0/0    14:42   0:00   0:00 
Keith Yandle             0  2  2   2  0   6  2  0  0  1  0/0    19:42   3:03   1:38 
Ladislav Smid            0  0  0   2  0   1  2  5  0  2  0/0    19:42   3:03   1:38 
Matt Cullen              1  0  1   1  0   3  0  1  2  0  6/12   16:25   0:03   0:00 
Mika Zibanejad           0  0  0   0  0   2  2  0  0  0  0/1    17:40   4:21   0:00 
Milan Lucic              0  0  0   0  0   2  0  1  3  0  0/0    19:01   4:21   1:21 
Ryan Johansen            1  2  3   2  0   2  2  1  1  0  9/16   17:27   2:39   2:37 
Ryan Malone              0  0  0  -1  0   0  1  0  0  1  0/0     8:00   0:00   0:22 
Tomas Kopecky            0  0  0   2  0   1  0  1  0  0  0/1    13:44   2:39   0:00 
Tyler Seguin             0  0  0   0  0   1  1  3  2  1  17/24  21:23   4:21   2:37 
Vincent Trocheck         0  0  0   0  0   0  0  0  0  0  0/0     0:00   0:00   0:00 
Vladislav Namestnikov    0  0  0  -1  0   0  1  0  0  0  4/4     6:44   0:00   0:00 

3 Stars

1 - Ryan Johansen (LA )
2 - Carl Soderberg (LA )
3 - Keith Yandle (LA )

Power Play

Hurricanes - 1 on 3 Attempt(s) - 33.33%
Kings - 1 on 4 Attempt(s) - 25.00%

Penalty Kill

Hurricanes - 3 on 4 Attempt(s) - 75.00% - Score 0 goal in Penalty Kill
Kings - 2 on 3 Attempt(s) - 66.67% - Score 0 goal in Penalty Kill

Official

Referees : Unknown
Linesman : Unknown

Game Notes

No Game Note

Finance

Level 1 -- Attendance: 4763 (79.38%) -- Ticket Income $428,670
Level 2 -- Attendance: 3779 (75.58%) -- Ticket Income $215,403
Level 3 -- Attendance: 1972 (98.60%) -- Ticket Income $63,104
Level 4 -- Attendance: 3860 (96.50%) -- Ticket Income $69,480
Luxury Box -- Attendance: 801 (80.10%) -- Ticket Income $152,190
Game was played at the Staples Center
Total Attendance: 15175 (84.31%)
Total Ticket Income: $928,847
Other Income: $455,135
Total Income: $1,383,982

Hurricanes

5 vs 5 Forward 
   Center                   Left Wing                Right Wing               Time % Phy DF OF 
 1 Mike Fisher              Loui Eriksson            Marian Gaborik           28     0   2  3  
 2 Mikhail Grabovski        Jiri Hudler              Radim Vrbata             27     0   2  3  
 3 Mike Fisher              Dainius Zubrus           Marty Havlat             25     0   2  3  
 4 Stephen Gionta           Viktor Stalberg          Brian Flynn              20     0   2  3  

5 vs 5 Defense 
   Defense                  Defense                                           Time % Phy DF OF 
 1 Peter Harrold            Thomas Hickey                                     35     0   2  3  
 2 Dan Girardi              Aaron Ness                                        35     0   2  3  
 3 Zbynek Michalek          Nate Prosser                                      30     1   2  2  
 4 Peter Harrold            Thomas Hickey                                     0      0   2  3  

PowerPlay Forward 
   Center                   Left Wing                Right Wing               Time % Phy DF OF 
 1 Mike Fisher              Loui Eriksson            Marian Gaborik           50     0   1  4  
 2 Mikhail Grabovski        Jiri Hudler              Radim Vrbata             50     0   1  4  

PowerPlay Defense
   Defense                  Defense                                           Time % Phy DF OF 
 1 Peter Harrold            Thomas Hickey                                     50     0   1  4  
 2 Dan Girardi              Aaron Ness                                        50     0   1  4  

Penalty Kill 4 Players Forward 
   Center                   Wing                     Time % Phy DF OF 
 1 Stephen Gionta           Brian Flynn              50     0   4  1  
 2 Radim Vrbata             Dainius Zubrus           50     0   4  1  

Penalty Kill 4 Players Defense
   Defense                  Defense                  Time % Phy DF OF 
 1 Zbynek Michalek          Nate Prosser             50     1   4  0  
 2 Dan Girardi              Thomas Hickey            50     1   4  0  

Penalty Kill - 3 Players Forward 
   Forward                                           Time % Phy DF OF 
 1 Stephen Gionta                                    50     0   5  0  
 2 Marian Gaborik                                    50     0   5  0  

Penalty Kill - 3 Players Defense
   Defense                  Defense                  Time % Phy DF OF 
 1 Zbynek Michalek          Nate Prosser             50     1   4  0  
 2 Dan Girardi              Thomas Hickey            50     1   4  0  

4 vs 4 Forward 
   Center                   Wing                     Time % Phy DF OF 
 1 Mike Fisher              Marian Gaborik           50     0   2  3  
 2 Mikhail Grabovski        Radim Vrbata             50     0   2  3  

4 vs 4 Defense
   Defense                  Defense                  Time % Phy DF OF 
 1 Peter Harrold            Thomas Hickey            50     0   2  3  
 2 Dan Girardi              Aaron Ness               50     0   2  3  

Last Minutes Offensive
   Center                   Left Wing                Right Wing               Defense                  Defense                  
   Mike Fisher              Marian Gaborik           Radim Vrbata             Dan Girardi              Thomas Hickey            

Last Minutes Defensive
   Center                   Left Wing                Right Wing               Defense                  Defense                  
   Stephen Gionta           Dainius Zubrus           Brian Flynn              Zbynek Michalek          Peter Harrold            

Goaltenders
Starting : Brian Elliott            
Backup : Michal Neuvirth          

Extra Forwards
Normal : Mike Fisher, Radim Vrbata, Marian Gaborik - PP : Marian Gaborik, Radim Vrbata - PK : Stephen Gionta
Extra Defensemen
Normal : Dan Girardi, Thomas Hickey, Aaron Ness - PP : Dan Girardi - PK : Zbynek Michalek, Dan Girardi
Penalty Shots
Radim Vrbata, Marian Gaborik, Jiri Hudler, Mikhail Grabovski, Marty Havlat

Kings

5 vs 5 Forward 
   Center                   Left Wing                Right Wing               Time % Phy DF OF 
 1 Tyler Seguin             Milan Lucic              Mika Zibanejad           35     1   2  2  
 2 Ryan Johansen            Tomas Kopecky            Carl Soderberg           30     1   2  2  
 3 Matt Cullen              Brenden Morrow           Brandon McMillan         22     1   2  2  
 4 Vladislav Namestnikov    Ryan Malone              Carl Soderberg           13     1   2  2  

5 vs 5 Defense 
   Defense                  Defense                                           Time % Phy DF OF 
 1 Duncan Keith             Cam Fowler                                        35     1   2  2  
 2 Keith Yandle             Ladislav Smid                                     30     1   2  2  
 3 Henrik Tallinder         Adam McQuaid                                      22     1   2  2  
 4 Duncan Keith             Cam Fowler                                        13     1   2  2  

PowerPlay Forward 
   Center                   Left Wing                Right Wing               Time % Phy DF OF 
 1 Tyler Seguin             Milan Lucic              Mika Zibanejad           60     1   2  2  
 2 Ryan Johansen            Tomas Kopecky            Carl Soderberg           40     1   2  2  

PowerPlay Defense
   Defense                  Defense                                           Time % Phy DF OF 
 1 Duncan Keith             Cam Fowler                                        60     1   2  2  
 2 Keith Yandle             Ladislav Smid                                     40     1   2  2  

Penalty Kill 4 Players Forward 
   Center                   Wing                     Time % Phy DF OF 
 1 Tyler Seguin             Ryan Johansen            60     1   2  2  
 2 Milan Lucic              Carl Soderberg           40     1   2  2  

Penalty Kill 4 Players Defense
   Defense                  Defense                  Time % Phy DF OF 
 1 Duncan Keith             Cam Fowler               60     1   2  2  
 2 Keith Yandle             Ladislav Smid            40     1   2  2  

Penalty Kill - 3 Players Forward 
   Forward                                           Time % Phy DF OF 
 1 Tyler Seguin                                      60     1   2  2  
 2 Ryan Johansen                                     40     1   2  2  

Penalty Kill - 3 Players Defense
   Defense                  Defense                  Time % Phy DF OF 
 1 Duncan Keith             Cam Fowler               60     1   2  2  
 2 Keith Yandle             Ladislav Smid            40     1   2  2  

4 vs 4 Forward 
   Center                   Wing                     Time % Phy DF OF 
 1 Tyler Seguin             Ryan Johansen            60     1   2  2  
 2 Milan Lucic              Mika Zibanejad           40     1   2  2  

4 vs 4 Defense
   Defense                  Defense                  Time % Phy DF OF 
 1 Duncan Keith             Adam McQuaid             60     1   2  2  
 2 Keith Yandle             Ladislav Smid            40     1   2  2  

Last Minutes Offensive
   Center                   Left Wing                Right Wing               Defense                  Defense                  
   Tyler Seguin             Milan Lucic              Mika Zibanejad           Duncan Keith             Cam Fowler               

Last Minutes Defensive
   Center                   Left Wing                Right Wing               Defense                  Defense                  
   Tyler Seguin             Milan Lucic              Mika Zibanejad           Duncan Keith             Cam Fowler               

Goaltenders
Starting : Tuukka Rask              
Backup : Jonas Gustavsson         

Extra Forwards
Normal : Matt Cullen, Brenden Morrow, Ryan Malone - PP : Matt Cullen, Brenden Morrow - PK : Ryan Malone
Extra Defensemen
Normal : Duncan Keith, Adam McQuaid, Keith Yandle - PP : Duncan Keith - PK : Adam McQuaid, Keith Yandle
Penalty Shots
Tyler Seguin, Ryan Johansen, Milan Lucic, Mika Zibanejad, Tomas Kopecky

% Time on Ice - Hurricanes

Lines # - Real PCT - Wanted PCT - Time Play
Normal Forward
1 - 23% - 28% - 11:13
2 - 33% - 27% - 15:49
3 - 18% - 25% - 8:33
4 - 27% - 20% - 13:05
Normal Defense
1 - 33% - 35% - 16:13
2 - 37% - 35% - 17:52
3 - 30% - 30% - 14:35
4 - 0% - 0% - 0:00
PP Forward
1 - 48% - 50% - 2:05
2 - 52% - 50% - 2:15
PP Defense
1 - 54% - 50% - 2:21
2 - 46% - 50% - 1:59
PK Forward
1 - 45% - 50% - 3:10
2 - 55% - 50% - 3:50
PK Defense
1 - 64% - 50% - 4:28
2 - 36% - 50% - 2:32
PK3 Forward
1 - 0% - 50%
2 - 0% - 50%
PK3 Defense
1 - 0% - 50%
2 - 0% - 50%
44 Forward
1 - 0% - 50%
2 - 0% - 50%
44 Defense
1 - 0% - 50%
2 - 0% - 50%
Last Minute Offensive  - 0:00
Last Minute Defensive  - 0:00
Total
Forward - 60:00
Defense - 60:00

% Time on Ice - Kings

Lines # - Real PCT - Wanted PCT - Time Play
Normal Forward
1 - 31% - 35% - 14:52
2 - 23% - 30% - 11:05
3 - 33% - 22% - 15:59
4 - 14% - 13% - 6:44
Normal Defense
1 - 34% - 35% - 16:44
2 - 31% - 30% - 15:01
3 - 28% - 22% - 13:37
4 - 7% - 13% - 3:18
PP Forward
1 - 62% - 60% - 4:21
2 - 38% - 40% - 2:39
PP Defense
1 - 56% - 60% - 3:57
2 - 44% - 40% - 3:03
PK Forward
1 - 69% - 60% - 2:59
2 - 31% - 40% - 1:21
PK Defense
1 - 62% - 60% - 2:42
2 - 38% - 40% - 1:38
PK3 Forward
1 - 0% - 60%
2 - 0% - 40%
PK3 Defense
1 - 0% - 60%
2 - 0% - 40%
44 Forward
1 - 0% - 60%
2 - 0% - 40%
44 Defense
1 - 0% - 60%
2 - 0% - 40%
Last Minute Offensive  - 0:00
Last Minute Defensive  - 0:00
Total
Forward - 60:00
Defense - 60:00

Play by Play

1st period


0:01 of 1st period - Tyler Seguin wins face-off versus Mike Fisher in neutral zone.
0:04 of 1st period - Backhand shot by Milan Lucic.
0:04 of 1st period - Stopped by Brian Elliott without a rebound.
0:05 of 1st period - Tyler Seguin wins face-off versus Mike Fisher in Hurricanes zone.
1:04 of 1st period - Dan Girardi is hit by Ryan Johansen and loses puck.
1:30 of 1st period - Wrist shot by Radim Vrbata.
1:30 of 1st period - Shot Blocked by Cam Fowler.
1:50 of 1st period - Slapshot by Dan Girardi.
1:50 of 1st period - Shot Blocked by Cam Fowler.
1:52 of 1st period - Snap shot by Brian Flynn.
1:52 of 1st period - Stopped by Tuukka Rask without a rebound.
1:53 of 1st period - Matt Cullen wins face-off versus Stephen Gionta in Kings zone.
2:10 of 1st period - Wrist shot by Matt Cullen.
2:10 of 1st period - Goal by Matt Cullen - Hurricanes : 0 - Kings : 1.
2:11 of 1st period - Mike Fisher wins face-off versus Matt Cullen in neutral zone.
2:13 of 1st period - Minor Penalty to Dan Girardi for Roughing.
2:14 of 1st period - Stephen Gionta wins face-off versus Mika Zibanejad in Hurricanes zone.
3:04 of 1st period - Snap shot by Keith Yandle.
3:04 of 1st period - Stopped by Brian Elliott without a rebound.
3:05 of 1st period - Ryan Johansen wins face-off versus Stephen Gionta in Hurricanes zone.
3:16 of 1st period - Wrist shot by Carl Soderberg.
3:16 of 1st period - Goal by Carl Soderberg - Hurricanes : 0 - Kings : 2.
3:17 of 1st period - Vladislav Namestnikov wins face-off versus Mike Fisher in neutral zone.
3:54 of 1st period - Snap shot by Ryan Malone.
3:54 of 1st period - Shot Misses the Net.
4:10 of 1st period - Adam McQuaid is hit by Radim Vrbata.
4:20 of 1st period - Slapshot by Radim Vrbata.
4:20 of 1st period - Deflect By Jiri Hudler.
4:20 of 1st period - Shot Blocked by Henrik Tallinder.
4:20 of 1st period - Puck is out of play.
4:21 of 1st period - Mikhail Grabovski wins face-off versus Matt Cullen in Kings zone.
4:32 of 1st period - Wrist shot by Radim Vrbata.
4:32 of 1st period - Stopped by Tuukka Rask without a rebound.
4:33 of 1st period - Stephen Gionta wins face-off versus Matt Cullen in Kings zone.
4:42 of 1st period - Off-side.
4:43 of 1st period - Tyler Seguin wins face-off versus Stephen Gionta in neutral zone.
5:02 of 1st period - Wrist shot by Mika Zibanejad.
5:02 of 1st period - Stopped by Brian Elliott with a rebound.
5:04 of 1st period - Slapshot by Ladislav Smid.
5:04 of 1st period - Stopped by Brian Elliott without a rebound.
5:05 of 1st period - Ryan Johansen wins face-off versus Mike Fisher in Hurricanes zone.
5:18 of 1st period - Tomas Kopecky is hit by Nate Prosser and loses puck.
5:32 of 1st period - Snap shot by Zbynek Michalek.
5:32 of 1st period - Shot Blocked by Ryan Johansen.
6:16 of 1st period - Slapshot by Keith Yandle.
6:16 of 1st period - Stopped by Brian Elliott with a rebound.
6:18 of 1st period - Slapshot by Ladislav Smid.
6:18 of 1st period - Shot Misses the Net.
6:20 of 1st period - Slapshot by Keith Yandle.
6:20 of 1st period - Stopped by Brian Elliott without a rebound.
6:21 of 1st period - Tyler Seguin wins face-off versus Stephen Gionta in Hurricanes zone.
6:35 of 1st period - Minor Penalty to Henrik Tallinder for Hooking.
6:36 of 1st period - Tyler Seguin wins face-off versus Mike Fisher in Kings zone.
6:56 of 1st period - Cam Fowler is hit by Mike Fisher and loses puck.
7:03 of 1st period - Wrist shot by Marian Gaborik.
7:03 of 1st period - Shot Blocked by Cam Fowler.
7:05 of 1st period - Snap shot by Thomas Hickey.
7:05 of 1st period - Shot Blocked by Tyler Seguin.
7:11 of 1st period - Snap shot by Marian Gaborik.
7:11 of 1st period - Stopped by Tuukka Rask without a rebound.
7:12 of 1st period - Tyler Seguin wins face-off versus Mikhail Grabovski in Kings zone.
7:21 of 1st period - Ladislav Smid is hit by Aaron Ness and loses puck.
7:46 of 1st period - Snap shot by Mikhail Grabovski.
7:46 of 1st period - Shot Blocked by Ladislav Smid.
7:48 of 1st period - Slapshot by Dan Girardi.
7:48 of 1st period - Stopped by Tuukka Rask with a rebound.
7:50 of 1st period - Snap shot by Jiri Hudler.
7:50 of 1st period - Shot Blocked by Ladislav Smid.
8:02 of 1st period - Carl Soderberg is hit by Mike Fisher and loses puck.
8:07 of 1st period - Wrist shot by Mike Fisher.
8:07 of 1st period - Stopped by Tuukka Rask without a rebound.
8:08 of 1st period - Mike Fisher wins face-off versus Tyler Seguin in Kings zone.
8:09 of 1st period - Snap shot by Marian Gaborik.
8:09 of 1st period - Shot Blocked by Tyler Seguin.
8:21 of 1st period - Snap shot by Marian Gaborik.
8:21 of 1st period - Shot Misses the Net.
8:35 of 1st period - Penalty to Henrik Tallinder is over, Henrik Tallinder is back on ice.
9:19 of 1st period - Slapshot by Viktor Stalberg.
9:19 of 1st period - Shot Misses the Net.
11:08 of 1st period - Snap shot by Carl Soderberg.
11:08 of 1st period - Stopped by Brian Elliott with a rebound.
11:10 of 1st period - Wrist shot by Carl Soderberg.
11:10 of 1st period - Stopped by Brian Elliott without a rebound.
11:11 of 1st period - Vladislav Namestnikov wins face-off versus Viktor Stalberg in Hurricanes zone.
11:31 of 1st period - Minor Penalty to Adam McQuaid for Hooking.
11:32 of 1st period - Jiri Hudler wins face-off versus Tyler Seguin in Kings zone.
13:31 of 1st period - Penalty to Adam McQuaid is over, Adam McQuaid is back on ice.
14:31 of 1st period - Slapshot by Brian Flynn.
14:31 of 1st period - Shot Misses the Net.
14:41 of 1st period - Icing by Adam McQuaid.
14:42 of 1st period - Mike Fisher wins face-off versus Matt Cullen in Kings zone.
16:33 of 1st period - Snap shot by Keith Yandle.
16:33 of 1st period - Stopped by Brian Elliott without a rebound.
16:34 of 1st period - Vladislav Namestnikov wins face-off versus Dainius Zubrus in Hurricanes zone.
16:37 of 1st period - Snap shot by Carl Soderberg.
16:37 of 1st period - Shot Blocked by Zbynek Michalek.
16:39 of 1st period - Slapshot by Adam McQuaid.
16:39 of 1st period - Shot Misses the Net.
16:43 of 1st period - Slapshot by Carl Soderberg.
16:43 of 1st period - Stopped by Brian Elliott with a rebound.
16:59 of 1st period - Slapshot by Matt Cullen.
16:59 of 1st period - Stopped by Brian Elliott with a rebound.
17:01 of 1st period - Slapshot by Brandon McMillan.
17:01 of 1st period - Shot Misses the Net.
17:03 of 1st period - Slapshot by Henrik Tallinder.
17:03 of 1st period - Stopped by Brian Elliott with a rebound.
17:05 of 1st period - Backhand shot by Brenden Morrow.
17:05 of 1st period - Deflect By Nate Prosser.
17:05 of 1st period - Shot Blocked by Zbynek Michalek.
17:05 of 1st period - Puck is out of play.
17:06 of 1st period - Matt Cullen wins face-off versus Stephen Gionta in Hurricanes zone.
17:36 of 1st period - Slapshot by Milan Lucic.
17:36 of 1st period - Stopped by Brian Elliott without a rebound.
17:37 of 1st period - Ryan Johansen wins face-off versus Jiri Hudler in Hurricanes zone.
17:38 of 1st period - Slapshot by Tomas Kopecky.
17:38 of 1st period - Stopped by Brian Elliott without a rebound.
17:39 of 1st period - Mikhail Grabovski wins face-off versus Ryan Johansen in Hurricanes zone.
17:56 of 1st period - Wrist shot by Radim Vrbata.
17:56 of 1st period - Shot Blocked by Cam Fowler.
18:18 of 1st period - Aaron Ness is hit by Mika Zibanejad and loses puck.
18:53 of 1st period - Snap shot by Matt Cullen.
18:53 of 1st period - Shot Blocked by Dan Girardi.
18:55 of 1st period - Slapshot by Brandon McMillan.
18:55 of 1st period - Shot Misses the Net.
18:57 of 1st period - Wrist shot by Ladislav Smid.
18:57 of 1st period - Shot Blocked by Dan Girardi.
18:59 of 1st period - Slapshot by Keith Yandle.
18:59 of 1st period - Deflect By Radim Vrbata.
18:59 of 1st period - Stopped by Brian Elliott with a rebound.
19:01 of 1st period - Snap shot by Ladislav Smid.
19:01 of 1st period - Shot Misses the Net.
19:03 of 1st period - Slapshot by Keith Yandle.
19:03 of 1st period - Shot Misses the Net.
19:05 of 1st period - Snap shot by Brenden Morrow.
19:05 of 1st period - Stopped by Brian Elliott with a rebound.
19:48 of 1st period - Off-side.
19:49 of 1st period - Tyler Seguin wins face-off versus Mike Fisher in neutral zone.
Goals for this period are 0 for Hurricanes vs 2 for Kings.
Shots for this period are 5 for Hurricanes vs 18 for Kings.

2nd period


0:01 of 2nd period - Mike Fisher wins face-off versus Tomas Kopecky in neutral zone.
0:04 of 2nd period - Wrist shot by Marian Gaborik.
0:04 of 2nd period - Deflect By Mike Fisher.
0:04 of 2nd period - Shot Blocked by Tomas Kopecky.
0:04 of 2nd period - Puck is out of play.
0:05 of 2nd period - Ryan Johansen wins face-off versus Mike Fisher in Kings zone.
0:38 of 2nd period - Wrist shot by Loui Eriksson.
0:38 of 2nd period - Stopped by Tuukka Rask with a rebound.
1:06 of 2nd period - Snap shot by Viktor Stalberg.
1:06 of 2nd period - Stopped by Tuukka Rask without a rebound.
1:07 of 2nd period - Mikhail Grabovski wins face-off versus Matt Cullen in Kings zone.
1:12 of 2nd period - Snap shot by Jiri Hudler.
1:12 of 2nd period - Shot Misses the Net.
1:42 of 2nd period - Slapshot by Keith Yandle.
1:42 of 2nd period - Shot Blocked by Dan Girardi.
1:44 of 2nd period - Slapshot by Ladislav Smid.
1:44 of 2nd period - Deflect By Brenden Morrow.
1:44 of 2nd period - Shot Misses the Net.
1:44 of 2nd period - Puck is out of play.
1:45 of 2nd period - Mike Fisher wins face-off versus Tyler Seguin in Hurricanes zone.
2:18 of 2nd period - Wrist shot by Mika Zibanejad.
2:18 of 2nd period - Stopped by Brian Elliott without a rebound.
2:19 of 2nd period - Ryan Johansen wins face-off versus Stephen Gionta in Hurricanes zone.
2:36 of 2nd period - Slapshot by Ryan Johansen.
2:36 of 2nd period - Shot Misses the Net.
2:56 of 2nd period - Brian Flynn is hit by Ryan Johansen and loses puck.
3:13 of 2nd period - Duncan Keith is hit by Mikhail Grabovski and loses puck.
3:26 of 2nd period - Mikhail Grabovski is hit by Brenden Morrow and loses puck.
3:37 of 2nd period - Slapshot by Thomas Hickey.
3:37 of 2nd period - Shot Misses the Net.
3:39 of 2nd period - Slapshot by Aaron Ness.
3:39 of 2nd period - Deflect By Radim Vrbata.
3:39 of 2nd period - Shot Misses the Net.
3:39 of 2nd period - Puck is out of play.
3:40 of 2nd period - Tyler Seguin wins face-off versus Mike Fisher in Kings zone.
4:43 of 2nd period - Thomas Hickey is hit by Vladislav Namestnikov.
4:54 of 2nd period - Zbynek Michalek is hit by Keith Yandle and loses puck.
5:39 of 2nd period - Snap shot by Radim Vrbata.
5:39 of 2nd period - Shot Blocked by Matt Cullen.
5:41 of 2nd period - Slapshot by Thomas Hickey.
5:41 of 2nd period - Shot Blocked by Adam McQuaid.
5:43 of 2nd period - Slapshot by Thomas Hickey.
5:43 of 2nd period - Shot Misses the Net.
5:45 of 2nd period - Slapshot by Peter Harrold.
5:45 of 2nd period - Shot Misses the Net.
5:47 of 2nd period - Slapshot by Thomas Hickey.
5:47 of 2nd period - Stopped by Tuukka Rask with a rebound.
5:49 of 2nd period - Slapshot by Peter Harrold.
5:49 of 2nd period - Deflect By Henrik Tallinder.
5:49 of 2nd period - Stopped by Tuukka Rask without a rebound.
5:50 of 2nd period - Tyler Seguin wins face-off versus Mike Fisher in Kings zone.
6:23 of 2nd period - Milan Lucic is hit by Radim Vrbata and loses puck.
6:32 of 2nd period - Slapshot by Radim Vrbata.
6:32 of 2nd period - Shot Misses the Net.
6:34 of 2nd period - Slapshot by Mikhail Grabovski.
6:34 of 2nd period - Stopped by Tuukka Rask without a rebound.
6:35 of 2nd period - Mikhail Grabovski wins face-off versus Ryan Johansen in Kings zone.
7:17 of 2nd period - Slapshot by Aaron Ness.
7:17 of 2nd period - Stopped by Tuukka Rask without a rebound.
7:18 of 2nd period - Matt Cullen wins face-off versus Stephen Gionta in Kings zone.
7:35 of 2nd period - Slapshot by Viktor Stalberg.
7:35 of 2nd period - Shot Misses the Net.
8:12 of 2nd period - Duncan Keith is hit by Zbynek Michalek and loses puck.
8:39 of 2nd period - Wrist shot by Jiri Hudler.
8:39 of 2nd period - Shot Blocked by Milan Lucic.
8:41 of 2nd period - Slapshot by Peter Harrold.
8:41 of 2nd period - Stopped by Tuukka Rask with a rebound.
8:43 of 2nd period - Slapshot by Thomas Hickey.
8:43 of 2nd period - Stopped by Tuukka Rask without a rebound.
8:44 of 2nd period - Mikhail Grabovski wins face-off versus Tyler Seguin in Kings zone.
8:47 of 2nd period - Snap shot by Radim Vrbata.
8:47 of 2nd period - Shot Blocked by Ladislav Smid.
8:53 of 2nd period - Radim Vrbata is hit by Ladislav Smid and loses puck.
9:37 of 2nd period - Snap shot by Peter Harrold.
9:37 of 2nd period - Deflect By Mike Fisher.
9:37 of 2nd period - Shot Blocked by Tyler Seguin.
9:37 of 2nd period - Puck is out of play.
9:38 of 2nd period - Stephen Gionta wins face-off versus Ryan Johansen in Kings zone.
9:57 of 2nd period - Slapshot by Stephen Gionta.
9:57 of 2nd period - Shot Blocked by Henrik Tallinder.
11:01 of 2nd period - Slapshot by Duncan Keith.
11:01 of 2nd period - Deflect By Mikhail Grabovski.
11:01 of 2nd period - Stopped by Brian Elliott with a rebound.
11:03 of 2nd period - Slapshot by Duncan Keith.
11:03 of 2nd period - Shot Misses the Net.
11:05 of 2nd period - Slapshot by Duncan Keith.
11:05 of 2nd period - Stopped by Brian Elliott with a rebound.
12:27 of 2nd period - Tomas Kopecky is hit by Stephen Gionta.
12:37 of 2nd period - Wrist shot by Ryan Johansen.
12:37 of 2nd period - Shot Misses the Net.
12:43 of 2nd period - Minor Penalty to Aaron Ness for Holding Stick.
12:44 of 2nd period - Tyler Seguin wins face-off versus Radim Vrbata in Hurricanes zone.
12:51 of 2nd period - Wrist shot by Tyler Seguin.
12:51 of 2nd period - Shot Misses the Net.
13:46 of 2nd period - Slapshot by Dainius Zubrus.
13:46 of 2nd period - Shot Misses the Net.
13:48 of 2nd period - Slapshot by Thomas Hickey.
13:48 of 2nd period - Shot Misses the Net.
14:14 of 2nd period - Snap shot by Keith Yandle.
14:14 of 2nd period - Stopped by Brian Elliott with a rebound.
14:43 of 2nd period - Penalty to Aaron Ness is over, Aaron Ness is back on ice.
15:12 of 2nd period - Dan Girardi is hit by Brenden Morrow and loses puck.
15:59 of 2nd period - Zbynek Michalek is hit by Ryan Malone and loses puck.
16:20 of 2nd period - Slapshot by Duncan Keith.
16:20 of 2nd period - Shot Misses the Net.
16:28 of 2nd period - Zbynek Michalek is hit by Brandon McMillan and loses puck.
16:43 of 2nd period - Thomas Hickey is hit by Mika Zibanejad and loses puck.
17:47 of 2nd period - Snap shot by Mike Fisher.
17:47 of 2nd period - Shot Misses the Net.
17:49 of 2nd period - Slapshot by Zbynek Michalek.
17:49 of 2nd period - Goal by Zbynek Michalek - Hurricanes : 1 - Kings : 2.
17:50 of 2nd period - Matt Cullen wins face-off versus Mike Fisher in neutral zone.
17:57 of 2nd period - Wrist shot by Matt Cullen.
17:57 of 2nd period - Deflect By Brandon McMillan.
17:57 of 2nd period - Shot Blocked by Mike Fisher.
17:57 of 2nd period - Puck is out of play.
17:58 of 2nd period - Matt Cullen wins face-off versus Mike Fisher in Hurricanes zone.
17:58 of 2nd period - Duncan Keith is hit by Nate Prosser and loses puck.
18:05 of 2nd period - Slapshot by Duncan Keith.
18:05 of 2nd period - Shot Misses the Net.
18:22 of 2nd period - Minor Penalty to Nate Prosser for Roughing.
18:23 of 2nd period - Tyler Seguin wins face-off versus Radim Vrbata in Hurricanes zone.
18:44 of 2nd period - Wrist shot by Milan Lucic.
18:44 of 2nd period - Shot Misses the Net.
19:26 of 2nd period - Wrist shot by Brian Flynn.
19:26 of 2nd period - Stopped by Tuukka Rask with a rebound.
19:28 of 2nd period - Wrist shot by Zbynek Michalek.
19:28 of 2nd period - Shot Blocked by Carl Soderberg.
19:48 of 2nd period - Slapshot by Radim Vrbata.
19:48 of 2nd period - Stopped by Tuukka Rask with a rebound.
Goals for this period are 1 for Hurricanes vs 0 for Kings.
Shots for this period are 11 for Hurricanes vs 4 for Kings.

3rd period


0:01 of 3rd period - Tyler Seguin wins face-off versus Stephen Gionta in neutral zone.
0:22 of 3rd period - Penalty to Nate Prosser is over, Nate Prosser is back on ice.
0:41 of 3rd period - Cam Fowler is hit by Dan Girardi and loses puck.
1:05 of 3rd period - Snap shot by Ryan Johansen.
1:05 of 3rd period - Goal by Ryan Johansen - Hurricanes : 1 - Kings : 3.
1:06 of 3rd period - Mike Fisher wins face-off versus Ryan Johansen in neutral zone.
1:33 of 3rd period - Wrist shot by Mike Fisher.
1:33 of 3rd period - Stopped by Tuukka Rask with a rebound.
1:35 of 3rd period - Slapshot by Thomas Hickey.
1:35 of 3rd period - Stopped by Tuukka Rask with a rebound.
1:43 of 3rd period - Carl Soderberg is hit by Loui Eriksson and loses puck.
2:32 of 3rd period - Icing by Duncan Keith.
2:33 of 3rd period - Mikhail Grabovski wins face-off versus Matt Cullen in Kings zone.
2:58 of 3rd period - Slapshot by Jiri Hudler.
2:58 of 3rd period - Shot Misses the Net.
3:00 of 3rd period - Slapshot by Aaron Ness.
3:00 of 3rd period - Stopped by Tuukka Rask without a rebound.
3:01 of 3rd period - Tyler Seguin wins face-off versus Mike Fisher in Kings zone.
3:24 of 3rd period - Snap shot by Marty Havlat.
3:24 of 3rd period - Shot Misses the Net.
3:26 of 3rd period - Slapshot by Peter Harrold.
3:26 of 3rd period - Deflect By Mika Zibanejad.
3:26 of 3rd period - Stopped by Tuukka Rask without a rebound.
3:27 of 3rd period - Ryan Johansen wins face-off versus Stephen Gionta in Kings zone.
3:41 of 3rd period - Slapshot by Dan Girardi.
3:41 of 3rd period - Stopped by Tuukka Rask without a rebound.
3:42 of 3rd period - Stephen Gionta wins face-off versus Ryan Johansen in Kings zone.
3:57 of 3rd period - Carl Soderberg is hit by Stephen Gionta and loses puck.
4:14 of 3rd period - Wrist shot by Ryan Johansen.
4:14 of 3rd period - Shot Misses the Net.
4:20 of 3rd period - Stephen Gionta is hit by Adam McQuaid and loses puck.
4:29 of 3rd period - Minor Penalty to Adam McQuaid for Hooking.
4:30 of 3rd period - Tyler Seguin wins face-off versus Radim Vrbata in Kings zone.
4:47 of 3rd period - Wrist shot by Jiri Hudler.
4:47 of 3rd period - Shot Misses the Net.
4:49 of 3rd period - Slapshot by Peter Harrold.
4:49 of 3rd period - Shot Blocked by Cam Fowler.
4:51 of 3rd period - Wrist shot by Mikhail Grabovski.
4:51 of 3rd period - Goal by Mikhail Grabovski - Hurricanes : 2 - Kings : 3.
4:52 of 3rd period - Tyler Seguin wins face-off versus Mike Fisher in neutral zone.
5:35 of 3rd period - Minor Penalty to Peter Harrold for Tripping.
5:36 of 3rd period - Ryan Johansen wins face-off versus Stephen Gionta in Hurricanes zone.
6:05 of 3rd period - Snap shot by Brian Flynn.
6:05 of 3rd period - Shot Misses the Net.
6:07 of 3rd period - Slapshot by Stephen Gionta.
6:07 of 3rd period - Deflect By Keith Yandle.
6:07 of 3rd period - Shot Blocked by Ladislav Smid.
6:07 of 3rd period - Puck is out of play.
6:08 of 3rd period - Tyler Seguin wins face-off versus Radim Vrbata in Kings zone.
6:19 of 3rd period - Snap shot by Tyler Seguin.
6:19 of 3rd period - Stopped by Brian Elliott without a rebound.
6:20 of 3rd period - Radim Vrbata wins face-off versus Tyler Seguin in Hurricanes zone.
6:33 of 3rd period - Snap shot by Milan Lucic.
6:33 of 3rd period - Shot Misses the Net.
6:56 of 3rd period - Wrist shot by Dainius Zubrus.
6:56 of 3rd period - Shot Misses the Net.
6:58 of 3rd period - Slapshot by Thomas Hickey.
6:58 of 3rd period - Stopped by Tuukka Rask with a rebound.
7:00 of 3rd period - Slapshot by Dan Girardi.
7:00 of 3rd period - Shot Misses the Net.
7:02 of 3rd period - Slapshot by Dan Girardi.
7:02 of 3rd period - Stopped by Tuukka Rask without a rebound.
7:03 of 3rd period - Stephen Gionta wins face-off versus Ryan Johansen in Kings zone.
7:04 of 3rd period - Snap shot by Zbynek Michalek.
7:04 of 3rd period - Shot Misses the Net.
7:28 of 3rd period - Zbynek Michalek is hit by Keith Yandle and loses puck.
7:35 of 3rd period - Penalty to Peter Harrold is over, Peter Harrold is back on ice.
8:20 of 3rd period - Wrist shot by Brenden Morrow.
8:20 of 3rd period - Shot Misses the Net.
8:22 of 3rd period - Slapshot by Henrik Tallinder.
8:22 of 3rd period - Shot Misses the Net.
9:03 of 3rd period - Wrist shot by Marian Gaborik.
9:03 of 3rd period - Stopped by Tuukka Rask with a rebound.
9:05 of 3rd period - Snap shot by Dan Girardi.
9:05 of 3rd period - Stopped by Tuukka Rask with a rebound.
9:22 of 3rd period - Brian Flynn is hit by Adam McQuaid and loses puck.
9:46 of 3rd period - Brian Flynn is hit by Tyler Seguin and loses puck.
10:10 of 3rd period - Radim Vrbata is hit by Brenden Morrow.
10:32 of 3rd period - Wrist shot by Carl Soderberg.
10:32 of 3rd period - Stopped by Brian Elliott without a rebound.
10:33 of 3rd period - Ryan Johansen wins face-off versus Mike Fisher in Hurricanes zone.
10:44 of 3rd period - Slapshot by Carl Soderberg.
10:44 of 3rd period - Goal by Carl Soderberg - Hurricanes : 2 - Kings : 4.
10:45 of 3rd period - Mike Fisher wins face-off versus Tyler Seguin in neutral zone.
10:48 of 3rd period - Snap shot by Marian Gaborik.
10:48 of 3rd period - Shot Misses the Net.
10:50 of 3rd period - Wrist shot by Zbynek Michalek.
10:50 of 3rd period - Shot Misses the Net.
10:52 of 3rd period - Backhand shot by Nate Prosser.
10:52 of 3rd period - Stopped by Tuukka Rask with a rebound.
10:54 of 3rd period - Slapshot by Nate Prosser.
10:54 of 3rd period - Deflect By Marian Gaborik.
10:54 of 3rd period - Shot Misses the Net.
10:54 of 3rd period - Puck is out of play.
10:55 of 3rd period - Tyler Seguin wins face-off versus Marian Gaborik in Kings zone.
11:02 of 3rd period - Snap shot by Mika Zibanejad.
11:02 of 3rd period - Shot Misses the Net.
11:50 of 3rd period - Matt Cullen is hit by Stephen Gionta and loses puck.
12:10 of 3rd period - Slapshot by Viktor Stalberg.
12:10 of 3rd period - Stopped by Tuukka Rask without a rebound.
12:11 of 3rd period - Ryan Johansen wins face-off versus Mikhail Grabovski in Kings zone.
12:11 of 3rd period - Ryan Johansen is hit by Radim Vrbata.
13:56 of 3rd period - Stephen Gionta is hit by Adam McQuaid and loses puck.
14:01 of 3rd period - Snap shot by Matt Cullen.
14:01 of 3rd period - Shot Blocked by Thomas Hickey.
14:03 of 3rd period - Slapshot by Duncan Keith.
14:03 of 3rd period - Shot Misses the Net.
14:05 of 3rd period - Snap shot by Matt Cullen.
14:05 of 3rd period - Shot Misses the Net.
14:09 of 3rd period - Snap shot by Duncan Keith.
14:09 of 3rd period - Deflect By Matt Cullen.
14:09 of 3rd period - Stopped by Brian Elliott with a rebound.
14:11 of 3rd period - Wrist shot by Cam Fowler.
14:11 of 3rd period - Shot Misses the Net.
14:13 of 3rd period - Snap shot by Matt Cullen.
14:13 of 3rd period - Shot Misses the Net.
14:42 of 3rd period - Wrist shot by Keith Yandle.
14:42 of 3rd period - Deflect By Ryan Malone.
14:42 of 3rd period - Shot Blocked by Peter Harrold.
14:42 of 3rd period - Puck is out of play.
14:43 of 3rd period - Mikhail Grabovski wins face-off versus Tyler Seguin in Hurricanes zone.
14:43 of 3rd period - Mikhail Grabovski is hit by Ladislav Smid.
15:15 of 3rd period - Snap shot by Mikhail Grabovski.
15:15 of 3rd period - Shot Misses the Net.
15:17 of 3rd period - Slapshot by Zbynek Michalek.
15:17 of 3rd period - Shot Blocked by Ladislav Smid.
15:19 of 3rd period - Snap shot by Zbynek Michalek.
15:19 of 3rd period - Shot Misses the Net.
15:45 of 3rd period - Wrist shot by Mike Fisher.
15:45 of 3rd period - Shot Misses the Net.
16:07 of 3rd period - Slapshot by Stephen Gionta.
16:07 of 3rd period - Shot Misses the Net.
16:09 of 3rd period - Slapshot by Nate Prosser.
16:09 of 3rd period - Shot Misses the Net.
16:11 of 3rd period - Wrist shot by Stephen Gionta.
16:11 of 3rd period - Stopped by Tuukka Rask with a rebound.
16:27 of 3rd period - Brenden Morrow is hit by Mike Fisher and loses puck.
16:48 of 3rd period - Slapshot by Radim Vrbata.
16:48 of 3rd period - Stopped by Tuukka Rask without a rebound.
16:49 of 3rd period - Mikhail Grabovski wins face-off versus Ryan Johansen in Kings zone.
17:07 of 3rd period - Wrist shot by Ryan Johansen.
17:07 of 3rd period - Deflect By Dan Girardi.
17:07 of 3rd period - Stopped by Brian Elliott with a rebound.
17:09 of 3rd period - Slapshot by Tomas Kopecky.
17:09 of 3rd period - Shot Blocked by Aaron Ness.
17:11 of 3rd period - Backhand shot by Carl Soderberg.
17:11 of 3rd period - Shot Blocked by Radim Vrbata.
17:13 of 3rd period - Slapshot by Henrik Tallinder.
17:13 of 3rd period - Shot Misses the Net.
17:15 of 3rd period - Wrist shot by Ryan Johansen.
17:15 of 3rd period - Shot Misses the Net.
17:17 of 3rd period - Slapshot by Henrik Tallinder.
17:17 of 3rd period - Stopped by Brian Elliott with a rebound.
17:19 of 3rd period - Slapshot by Adam McQuaid.
17:19 of 3rd period - Stopped by Brian Elliott with a rebound.
17:49 of 3rd period - Slapshot by Loui Eriksson.
17:49 of 3rd period - Stopped by Tuukka Rask without a rebound.
17:50 of 3rd period - Vladislav Namestnikov wins face-off versus Stephen Gionta in Kings zone.
18:11 of 3rd period - Slapshot by Viktor Stalberg.
18:11 of 3rd period - Stopped by Tuukka Rask without a rebound.
18:12 of 3rd period - Matt Cullen wins face-off versus Marian Gaborik in Kings zone.
18:45 of 3rd period - Brian Flynn is hit by Cam Fowler and loses puck.
19:33 of 3rd period - Slapshot by Radim Vrbata.
19:33 of 3rd period - Shot Misses the Net.
19:35 of 3rd period - Slapshot by Nate Prosser.
19:35 of 3rd period - Stopped by Tuukka Rask with a rebound.
Goals for this period are 1 for Hurricanes vs 2 for Kings.
Shots for this period are 17 for Hurricanes vs 8 for Kings.


Output by the SimonT Hockey Simulator (STHS) for Eric Dolegowski -- Original Page W3C XHTML 1.0 Valid
Hockey Simulator - Hockey Simulation - Hockey Manager